 Dungeon Crawl Stone Soup version 0.30-a0-760-g5a9884bb7c (webtiles) character file.

Game seed: 2172727222354646236

31201 Armakuni the Fencer (level 13, -7/90 (91) HPs)
             Began as a Human Delver on Feb 11, 2023.
             Was a Priest of Elyvilon.
             Mangled by a death scarab (15 damage)
             ... in a Gauntlet.
             The game lasted 01:06:15 (19404 turns).

Armakuni the Fencer (Human Delver)                 Turns: 19404, Time: 01:06:16

HP:   -7/90 (91)    AC: 14    Str: 14    XL:     13   Next: 94%
MP:   25/29         EV: 11    Int: 13    God:    Elyvilon [***...]
Gold: 251           SH:  0    Dex: 27    Spells: 12/12 levels left

rFire   . . .      SeeInvis .    a - +4 long sword
rCold   + + .      Faith    .    (no shield)
rNeg    . . .      Spirit   .    u - +5 scale mail {rPois}
rPois   +          Reflect  .    B - +0 helmet "Wahega" {rPois Int-3 Dex+5}
rElec   +          Harm     .    (no cloak)
rCorr   .          Rampage  .    s - +0 pair of gloves
Will    .....      NoTele   +    x - +0 pair of boots
Stlth   ++                       (no amulet)
HPRegen 0.35/turn                E - ring "Izodyof" {rElec rC++ Int+6 Dex+3}
MPRegen 0.21/turn                P - ring of magical power

@: slowed, lightly drained, very slow
A: no striking features
a: Renounce Religion, Purification, Heal Other, Heal Self


You were in a Gauntlet.
You worshipped Elyvilon.
Elyvilon was most pleased with you.
You visited 3 branches of the dungeon, and saw 17 of its levels.
You visited the Abyss 1 time.
You also visited: Gauntlet and Ice Cave.

You collected 997 gold pieces.
You spent 746 gold pieces at shops.

Inventory:

Hand Weapons
 a - a +4 long sword (weapon)
 b - a +5 heavy hand crossbow
 f - a +0 long sword of flaming
 v - a +3 great sword
Missiles
 i - 25 poisoned darts (quivered)
 n - 2 boomerangs of dispersal
Armour
 s - a +0 pair of gloves (worn)
 u - a +5 scale mail of poison resistance (worn)
 x - a +0 pair of boots (worn)
 B - the +0 helmet "Wahega" (worn) {rPois Int-3 Dex+5}
   (You found it in a Gauntlet)

   Int:       It affects your intelligence (-3).
   Dex:       It affects your dexterity (+5).
   rPois:     It protects you from poison.
Jewellery
 E - the ring "Izodyof" (left hand) {rElec rC++ Int+6 Dex+3}
   (You found it on level 11 of the Dungeon)

   [ring of intelligence]

   Int:       It affects your intelligence (+6).
   Dex:       It affects your dexterity (+3).
   rC:        It greatly protects you from cold.
   rElec:     It insulates you from electricity.
 F - a ring of fire
 P - a ring of magical power (right hand)
Wands
 j - a wand of iceblast (8)
 k - a wand of digging (7)
 r - a wand of flame (13)
Scrolls
 c - 3 scrolls of fog
 e - 3 scrolls of noise
 p - 2 scrolls of fear
 t - 6 scrolls of identify
 y - 2 scrolls of silence
 z - 3 scrolls of vulnerability
 A - a scroll of amnesia
Potions
 d - 8 potions of heal wounds
 o - a potion of flight
 q - a potion of lignification
 w - 6 potions of curing
 C - a potion of resistance
 X - a potion of mutation
Miscellaneous
 l - a lightning rod (inert)


   Skills:
 - Level 5.0 Fighting
 - Level 15.7 Long Blades
 + Level 12.3 Ranged Weapons
 - Level 3.2 Dodging
 - Level 5.0 Stealth
 - Level 10.0 Invocations
 - Level 4.0 Evocations


You had 12 spell levels left.
You didn't know any spells.
Your spell library contained the following spells:

 Spells                   Type           Power      Damage    Failure   Level
 Inner Flame              Hex/Fire       0%         N/A       99%         3
 Portal Projectile        Hex/Tloc       0%         N/A       99%         3
 Tukima's Dance           Hex            0%         N/A       99%         3
 Cause Fear               Hex            0%         N/A       100%        4
 Blade Hands              Tmut           0%         N/A       100%        5
 Discord                  Hex            0%         N/A       100%        8


Dungeon Overview and Level Annotations

Branches:
Dungeon (14/15)            Temple (1/1) D:4            Lair (2/5) D:9
    Orc (0/2) D:10          IceCv (visited)         Gauntlet (1/1)
  Swamp: Lair:2-3    Shoals: Lair:2-3     Snake: Lair:2-3    Spider: Lair:2-3
 Vaults: D:13-14

Altars:
Ashenzari
Cheibriados
Dithmenos
Elyvilon
Fedhas
Gozag
Hepliaklqana
Kikubaaqudgha
Makhleb
Nemelex Xobeh
Okawaru
Qazlal
Ru
Sif Muna
Trog
Uskayaw
Vehumet
Wu Jian
Xom
Yredelemnul
Zin
The Shining One

Shops:
D:4 ?   D:6 *   D:7 *   D:11 (

Annotations:
D:12 2 transporters, Qyhaoxom's ghost, journeyman VSBr
D:14 Louise Gauntlet 11 transporters, exclusion: lightning spire


Message History

Okay, then.
Unknown command.
You feel purified!
The spectral black mamba bites you but does no damage.
The death scarab bites you but does no damage.
The spectral black mamba bites you but does no damage.
The spectral black mamba closely misses you.
The death scarab bites you!!
* * * LOW HITPOINT WARNING * * *
The death scarab draws strength from your injuries!
Okay, then.
Unknown command.
Okay, then.
You are healed.
The death scarab barely misses you. The spectral black mamba bites you.
You feel drained. The spectral black mamba bites you.
The death scarab bites you! The death scarab drains your vigour!
You feel yourself slow down.
The death scarab draws strength from your injuries!
The death yak bellows!
You hit the death scarab.
The death scarab is lightly damaged.
The death scarab barely misses you.
The spectral black mamba completely misses you.
The spectral black mamba bites you but does no damage.
The spectral boulder beetle bites you!
You slash the death scarab!
The death scarab is heavily damaged.
The death scarab barely misses you. The death scarab bites you!!
* * * LOW HITPOINT WARNING * * *
The death scarab drains your vigour!
You feel as though you will be slow longer.
The death scarab draws strength from your injuries!
The spectral black mamba closely misses you.
The spectral boulder beetle bites you! Elyvilon protects you from harm!
The spectral black mamba bites you but does no damage.
You hit the death scarab.
The death scarab is lightly damaged.
The death scarab bites you!
You die...

...##Y#...#.#..#..#.#≈#...#^...##
....#.#...#..##.##..#≈#...#8.^..#
!©[...#...#...)©Y...#≈#:.#?©[...#
#######...#######################
.©#.....≈.....#©...........©#....
###....≈8≈....#######.#######....
........≈...........#.#........##
#######...###########.#........#8
#.#4..#...#[#^.#@B..#.#..########
...#..#...#..#.Z#Z..#.#..#8#
...##.#...##..#.Z#..#[#..###
#.##.[#...#.#§.#Z.#.#.#..#
.©.#.©#...#©.#^.#©.##©#..###
#.##.!#...#.#..#..#.###..#8# .
##)#...##..#..#.B#....###
...#..#...#=.#..#^..#....#
#.#...#...#!#^.#....#=.###


You could see a death yak, a spectral black mamba, 2 spectral five-headed
hydras, a spectral boulder beetle and a death scarab.

Vanquished Creatures
  A centaur warrior (D:13)
  3 two-headed ogres
  2 death yaks (Lair:2)
  A boulder beetle (D:13)
  A mana viper (Abyss:3)
  2 bunyip skeletons (D:13)
  2 cyclopes (D:12)
  3 necromancers
  3 manticores
  A centaur zombie (D:13)
  A torpor snail (Lair:2)
  2 gargoyles
  A cane toad (Lair:2)
  2 centaur skeletons (D:13)
  Maggie (Lair:1)
  An unseen horror (D:12)
  2 ice devils (D:11)
  A freezing wraith (IceCv)
  A rime drake (Lair:1)
  A komodo dragon (Lair:1)
  3 trolls
  3 blink frogs (Lair:1)
  A meliai zombie (D:13)
  Sigmund (D:6)
  3 centaur simulacra (D:13)
  15 yaks
  A shadow (D:13)
  3 wraiths
  4 wyverns
  Eustachio (D:4)
  2 basilisks
  A chaos spawn (Gauntlet)
  6 vampire mosquitoes
  A neqoxec (Gauntlet)
  Menkaure (D:6)
  Edmund (D:6)
  An acid dragon (D:10)
  10 water moccasins
  Duvessa (D:6)
  4 orc warriors
  2 ice beasts
  3 sky beasts
  5 black bears
  A meliai simulacrum (D:13)
  6 wolves (Lair:1)
  An ogre (D:10)
  8 centaurs
  A phantom (D:5)
  2 kobold brigands
  12 bullfrogs
  4 gnoll sergeants
  4 necrophages
  2 wights (D:10)
  Dowan (D:6)
  2 killer bees (D:9)
  6 howler monkeys
  A lava snake (Lair:2)
  3 hounds
  4 jellies
  A human zombie (D:10)
  7 orc priests
  A gnoll bouda (D:9)
  8 orc wizards
  A polar bear simulacrum (IceCv)
  3 wolf simulacra (IceCv)
  5 mummies (D:10)
  A howler monkey zombie (D:10)
  25 gnolls
  5 adders
  2 white imps (D:6)
  2 ufetubi (D:5)
  5 worms
  2 dart slugs
  39 orcs
  5 bats
  5 endoplasms
  4 giant cockroaches
  7 goblins
  8 hobgoblins
  8 jackals (D:4)
  10 kobolds
  2 quokkas
  8 ball pythons
  5 frilled lizards
  9 rats
341 creatures vanquished.

Vanquished Creatures (others)
  3 death yaks (Gauntlet)
  A yak (D:10)
  2 killer bees (D:9)
  An orc (D:10)
  A kobold (D:9)
  15 demonic plants (Gauntlet)
  41 fungi
  34 plants
  14 withered plants (Gauntlet)
112 creatures vanquished.

Grand Total: 453 creatures vanquished

Notes
Turn   | Place    | Note
-------+----------+-------------------------------------------
     0 | D:5      | Armakuni the Human Delver began the quest for the Orb.
     0 | D:5      | Reached XP level 1. HP: 18/18 MP: 1/1
     1 | D:6      | Noticed Menkaure
     1 | D:6      | Noticed a sky beast
     1 | D:6      | Noticed a bullfrog
     1 | D:6      | Found a broken altar of Ashenzari.
    57 | D:5      | Noticed a hound
    88 | D:4      | Noticed a jelly
   155 | D:4      | Identified the +1 robe of Wu Jian's Fury {-Tele Int+3 SInv}
   176 | D:3      | Reached XP level 2. HP: 21/24 MP: 2/2
   623 | D:2      | Reached skill level 3 in Long Blades
   861 | D:1      | Reached XP level 3. HP: 29/29 MP: 3/3
  1491 | D:2      | Reached skill level 4 in Long Blades
  1491 | D:2      | Reached XP level 4. HP: 31/35 MP: 4/4
  2052 | D:3      | Found a shimmering blue altar of Sif Muna.
  2551 | D:3      | Reached XP level 5. HP: 41/41 MP: 5/5
  2647 | D:4      | Found a staircase to the Ecumenical Temple.
  2893 | D:4      | Noticed Eustachio
  2934 | D:5      | Reached skill level 5 in Long Blades
  2946 | D:5      | Noticed a phantom
  2987 | D:5      | Killed a phantom
  2988 | D:5      | Reached XP level 6. HP: 48/48 MP: 6/6
  3115 | Temple   | Entered the Ecumenical Temple
  3215 | Temple   | Became a worshipper of Elyvilon the Healer
  3312 | D:4      | Found Uweut's Magic Scroll Boutique.
  3357 | D:4      | Reached skill level 5 in Fighting
  3485 | Temple   | Reached XP level 7. HP: 24/56 MP: 7/7
  3622 | D:4      | Bought a scroll of enchant weapon for 82 gold pieces
  3623 | D:4      | Bought a scroll of noise for 11 gold pieces
  3993 | D:4      | Reached skill level 1 in Evocations
  4009 | D:4      | Killed Eustachio
  4487 | D:5      | Reached * piety under Elyvilon
  4590 | D:5      | Found a shimmering altar of Xom.
  4591 | D:5      | Found a hazy altar of Hepliaklqana.
  4592 | D:5      | Noticed a spectral ugly thing
  4592 | D:5      | Noticed a Killer Klown
  4620 | D:5      | Reached XP level 8. HP: 43/62 MP: 8/8
  4853 | D:5      | Reached skill level 6 in Long Blades
  5228 | D:6      | Noticed Edmund
  5228 | D:6      | Found Daiker's Assorted Antiques.
  5233 | D:6      | Killed Edmund
  5327 | D:5      | Reached skill level 7 in Long Blades
  5504 | D:7      | Found Wuhak's Gadget Gallery.
  5540 | D:7      | Reached ** piety under Elyvilon
  5960 | D:6      | Killed Menkaure
  5961 | D:6      | Reached skill level 8 in Long Blades
  5965 | D:6      | Reached XP level 9. HP: 68/68 MP: 9/9
  6025 | D:5      | Reached skill level 9 in Long Blades
  6109 | D:6      | Noticed Sigmund
  6125 | D:6      | Killed Sigmund
  6314 | D:6      | Noticed Dowan
  6350 | D:6      | Killed Dowan
  6675 | D:6      | Noticed Duvessa
  6705 | D:6      | Bought a dark potion for 22 gold pieces
  7190 | D:5      | Reached skill level 5 in Invocations
  7745 | D:6      | Killed Duvessa
  8211 | D:7      | Found a radiant altar of Vehumet.
  8212 | D:7      | Found a shadowy altar of Dithmenos.
  8331 | D:7      | Bought a wand of iceblast (11) for 264 gold pieces
  8472 | D:7      | Reached XP level 10. HP: 68/74 MP: 15/15
  9253 | D:8      | Reached *** piety under Elyvilon
  9838 | D:9      | Reached skill level 10 in Invocations
  9848 | D:9      | Found a staircase to the Lair.
  9906 | D:9      | Reached skill level 10 in Long Blades
 10742 | Lair:1   | Entered Level 1 of the Lair of Beasts
 10772 | D:10     | Entered Level 10 of the Dungeon
 10858 | D:10     | Reached **** piety under Elyvilon
 10956 | D:10     | Reached skill level 11 in Long Blades
 11251 | D:10     | Reached XP level 11. HP: 79/79 MP: 18/18
 11700 | D:10     | Reached skill level 12 in Long Blades
 11878 | D:10     | Found a staircase to the Orcish Mines.
 12130 | D:10     | Found an ancient bone altar of Kikubaaqudgha.
 12355 | D:11     | Found Podoicwu's Weapon Shoppe.
 12362 | D:11     | Noticed a manticore
 12368 | D:11     | Noticed a boulder beetle
 12591 | D:11     | Found a frozen archway.
 12630 | D:11     | Reached skill level 13 in Long Blades
 12640 | IceCv    | Entered an ice cave
 12675 | IceCv    | Found a transporter.
 12679 | IceCv    | Noticed a white ugly thing
 12687 | IceCv    | Found a transporter.
 12766 | D:11     | Pacified a boulder beetle
 12813 | D:11     | Identified the ring "Izodyof" {rElec rC++ Int+6 Dex+3}
 12877 | D:11     | Noticed a two-headed ogre
 12882 | D:11     | Noticed a sixfirhy
 12882 | D:11     | Noticed a manticore
 12889 | D:11     | Killed a two-headed ogre
 12890 | D:11     | Reached skill level 14 in Long Blades
 12896 | D:11     | Killed a manticore
 12909 | D:11     | Killed a manticore
 13020 | D:11     | Reached XP level 12. HP: 65/86 MP: 19/19
 13283 | D:12     | Noticed a two-headed ogre
 13426 | D:12     | Noticed a two-headed ogre
 13428 | D:12     | Noticed a stone giant
 13439 | D:12     | Noticed Qyhaoxom's ghost (journeyman VSBr)
 13719 | D:12     | Reached skill level 15 in Long Blades
 14138 | D:12     | Noticed a two-headed ogre
 14155 | D:12     | Killed a two-headed ogre
 14247 | D:12     | Noticed a two-headed ogre
 14277 | D:12     | Identified the +2 chain mail "Zafatz" {Fly Str-4 SInv}
 14295 | D:12     | Killed a two-headed ogre
 14309 | D:12     | Found a transporter.
 14313 | D:12     | Found a transporter.
 14766 | D:11     | Bought a +4 heavy hand crossbow for 367 gold pieces
 14855 | D:13     | Noticed a centaur warrior
 14868 | D:13     | Killed a centaur warrior
 15276 | D:13     | Noticed an eight-headed hydra
 15278 | D:13     | Pacified an eight-headed hydra
 15281 | D:13     | Noticed a boulder beetle
 15302 | D:13     | Killed a boulder beetle
 15330 | D:13     | Reached skill level 5 in Ranged Weapons
 15543 | D:13     | Noticed an apis
 15544 | D:13     | Pacified an apis
 15549 | D:13     | Found a white marble altar of Elyvilon.
 15549 | D:13     | Noticed an apis
 15550 | D:13     | Pacified an apis
 15595 | D:12     | Reached XP level 13. HP: 91/91 MP: 20/20
 15631 | D:13     | HP: 3/91 [meliai zombie[a necromancer] (4)]
 16695 | D:14     | Noticed Louise
 16712 | Abyss:3  | Cast into level 3 of the Abyss (Louise)
 16792 | D:14     | Escaped the Abyss
 17130 | Lair:1   | Reached skill level 10 in Ranged Weapons
 17424 | Lair:1   | Noticed Maggie
 17437 | Lair:1   | Killed Maggie
 18717 | Lair:2   | Found a gate leading to a gauntlet.
 18726 | Gauntlet | Entered a Gauntlet
 18726 | Gauntlet | Found a transporter.
 18726 | Gauntlet | Found a transporter.
 18730 | Gauntlet | Found a transporter.
 18730 | Gauntlet | Found a transporter.
 18737 | Gauntlet | Noticed a dire elephant
 18739 | Gauntlet | Found a transporter.
 18758 | Gauntlet | Found a transporter.
 18768 | Gauntlet | Found a transporter.
 18768 | Gauntlet | Found a transporter.
 18769 | Gauntlet | Noticed a reaper
 18772 | Gauntlet | Found a transporter.
 18799 | Gauntlet | Found a transporter.
 18806 | Gauntlet | Found a transporter.
 18824 | Gauntlet | Found a transporter.
 18870 | Gauntlet | Found a transporter.
 18884 | Gauntlet | Found a transporter.
 18985 | Gauntlet | Found a transporter.
 19001 | Gauntlet | Found a transporter.
 19185 | Gauntlet | Identified the +0 helmet "Wahega" {rPois Int-3 Dex+5}
 19403 | Gauntlet | Elyvilon protects you from harm!
 19404 | Gauntlet | Mangled by a death scarab

Illustrated notes

Levels and vault maps discovered:
D:1:      mrwooster_arrival_statue_3, layout_basic, nicolae_grassy_gnolls
D:2:      layout_loops_ring
D:3:      minmay_door_path, layout_basic, mainiacjoe_overflow_six_doors_small,
          gup_sewer_entry_bowl
D:4:      layout_basic, minmay_temple_entry_proselytizer, serial_corexii_hall,
          corexii_hall_statues_i, corexii_hall_statues_x, serial_shops, shop,
          kennysheep_boxes, uniq_eustachio
D:5:      layout_cave_pods, regret_index_temple_of_mockery,
          ebering_dispersal_statue_hall
D:6:      layout_rooms, amcnicky_altar_gilded, serial_shops,
          nicolae_shop_waterfront, hangedman_decor_diamond_cutter, uniq_sigmund,
          uniq_edmund, uniq_menkaure, uniq_duvessa
D:7:      layout_basic, grunt_temple_overflow_open, nicolae_shop_gadgets
D:8:      layout_basic, kennysheep_generic_room_9
D:9:      layout_basic, due_lair_maze_entry_diamond
D:10:     layout_gridville, lemuel_mausoleum_altar_kikubaaqudgha, erik_orc_1,
          minmay_stone_trees_medium, corexii_checkpoint_a,
          chequers_serial_rivers_micro_c
D:11:     layout_small_grid, portal_ice_cave_demonic_guard, serial_shops, shop
D:12:     layout_irregular_city, gammafunk_ghost_wrathful_warriors,
          chequers_garden, chequers_serial_rivers_large_a
D:13:     dreamdust_under_siege, layout_rooms
D:14:     minmay_the_grid_3x2 [minmay_the_grid_aliased_spiral,
          minmay_the_grid_doors, minmay_the_grid_stretched_grid,
          minmay_the_grid_gridbox, minmay_the_grid_eight,
          minmay_the_grid_prize_four_corners_diamond_b], layout_cross,
          chequers_serial_rivers_marsh, uniq_roxanne, uniq_kirke, uniq_louise
Temple:   nicolae_temple_bog_church
Lair:1:   layout_small_grid, infiniplex_staircase_pool_2, uniq_maggie
Lair:2:   layout_gridlike, gauntlet_entry_generic
Gauntlet: gammafunk_gauntlet_branching [nicolae_gauntlet_arena_flowing_pool,
          gammafunk_gauntlet_arena_corners, nicolae_gauntlet_swirl,
          nicolae_gauntlet_arena_quarters, gammafunk_gauntlet_arena_split_x,
          gammafunk_gauntlet_arena_hedges,
          gammafunk_gauntlet_arena_arrow_garden,
          gammafunk_gauntlet_arena_chambers, gauntlet_exit_hidden_loot]

Skill      XL: |  1  2  3  4  5  6  7  8  9 10 11 12 13 |
---------------+----------------------------------------+-----
Long Blades    | 3 4 5 8 9 11 14 15 | 15.7
Fighting       | 4 5 |  5.0
Dodging        | 3 |  3.2
Evocations     | 4 |  4.0
Invocations    | 7 10 | 10.0
Ranged Weapons | 6 12 | 12.3
Stealth        | |  5.0

Action                     |  1- 3 |  4- 6 |  7- 9 | 10-12 | 13-15 || total
---------------------------+-------+-------+-------+-------+-------++-------
  Melee: Falchion          |    93 |   151 |   395 |    45 |       ||   684
         Punch             |       |     5 |     9 |    12 |     4 ||    30
         Short sword       |       |       |       |   334 |       ||   334
         Long sword        |       |       |       |   226 |   246 ||   472
   Fire: Shortbow          |       |       |     3 |       |       ||     3
         Hand crossbow     |       |       |       |     3 |    55 ||    58
  Throw: Dart              |       |     5 |    15 |    21 |     1 ||    42
 Invoke: Purification      |       |       |     1 |     7 |     3 ||    11
         Heal Other        |       |       |       |     9 |     7 ||    16
         Heal Self         |       |       |       |     7 |    11 ||    18
  Evoke: Wand              |     1 |       |     8 |    51 |     2 ||    62
         Lightning rod     |       |       |       |     4 |     4 ||     8
    Use: Scroll            |     8 |       |    10 |    11 |     2 ||    31
         Potion            |       |     7 |     8 |     2 |     3 ||    20
   Stab: Sleeping          |     9 |     4 |     2 |     8 |       ||    23
         Distracted        |     1 |     1 |       |     1 |       ||     3
         Invisible         |       |     3 |       |       |       ||     3
 Armour: Leather armour    |    19 |    31 |       |       |       ||    50
         Scale mail        |       |       |   178 |   240 |   156 ||   574
         Skin              |       |       |    44 |       |       ||    44
         Chain mail        |       |       |     8 |       |       ||     8
         Troll leather arm |       |       |       |     1 |       ||     1
  Dodge: Dodged            |    71 |   102 |   212 |   262 |   176 ||   823
  Block: Kite shield       |    12 |       |       |       |       ||    12

Table legend: (Time is in decaauts)
 A = Elapsed time spent in this place.
 B = Non-inter-level travel time spent in this place.
 C = Inter-level travel time spent in this place.
 D = Time resting spent in this place.
 E = Time spent auto-exploring this place.
 F = Levels seen in this place.
 G = Mean time per level.
                   A        B        C        D        E       F      G
               +--------+--------+--------+--------+--------+-----+--------+
         Total |  19205 |  18135 |   1070 |   3711 |   8256 |  21 |  914.5 |
       Dungeon |  16291 |  15261 |   1030 |   3305 |   6640 |  14 | 1163.6 |
        Temple |    283 |    274 |      9 |    155 |     60 |   1 |  283.0 |
          Lair |   1824 |   1794 |     30 |     53 |   1271 |   2 |  912.0 |
         Abyss |     76 |     76 |      0 |     17 |      0 |   2 |   38.0 |
      Ice Cave |     83 |     83 |      0 |     36 |      0 |   1 |   83.0 |
      Gauntlet |    645 |    645 |      0 |    143 |    285 |   1 |  645.0 |
               +--------+--------+--------+--------+--------+-----+--------+

Top non-repeatable levels by time:
     D:5: 2085 daAuts
    D:12: 2014 daAuts
    D:10: 1623 daAuts
     D:6: 1600 daAuts
     D:3: 1381 daAuts
  Lair:1: 1376 daAuts
     D:4: 1229 daAuts
    D:13: 1178 daAuts
     D:9: 982 daAuts
     D:8: 876 daAuts
    D:11: 873 daAuts
     D:7: 859 daAuts
     D:1: 804 daAuts
Gauntlet: 645 daAuts
     D:2: 615 daAuts
